[Event "10th Uppsala Young Champions 2023"]
[Site "Uppsala"]
[Date "2023.10.30"]
[Round "6.10"]
[White "Ostensson, Julia"]
[Black "Morell, Oscar"]
[Result "1/2-1/2"]
[ECO "A07"]
[WhiteElo "1878"]
[BlackElo "1942"]
[Annotator "NA RC"]
[PlyCount "79"]
[EventDate "2023.10.27"]
[EventType "swiss"]
[EventCountry "SWE"]
[SourceTitle "playchess.com"]
[Source "ChessBase"]
[SourceQuality "1"]
[TimeControl "5400+30"]

1. Nf3 c5 2. g3 Nc6 3. Bg2 g6 4. O-O Bg7 5. d3 e5 6. e4 Nge7 7. c3 d5 8. Nbd2 O-O 9. Qe2 d4 10. cxd4 Nxd4 11. Nxd4 Qxd4 12. Nb3 Qd6 13. Be3 b6 14. f4 Ba6 15. Rfd1 Rad8 16. Bf1 Nc6 17. a3 Qf6 18. Rd2 Rd6 19. Rad1 Rfd8 20. Qf2 Qe6 21. Nc1 exf4 22. gxf4 Qg4+ 23. Kh1 Bd4 24. Ne2 Bxe3 25. Qxe3 Nd4 26. Nxd4 cxd4 27. Qg3 Qxg3 28. hxg3 Rc8 29. Kg2 Rdc6 30. Kf2 Bb5 31. Re1 Rc2 32. Ree2 Rxd2 33. Rxd2 Ba6 34. Ke2 Rc1 35. Bg2 Bb7 36. Rd1 Rc2+ 37. Rd2 Rc1 38. Rd1 Rc2+ 39. Rd2 Rc1 40. Rd1 1/2-1/2

[Event "10th Uppsala Young Champions 2023"]
[Site "Uppsala"]
[Date "2023.10.30"]
[Round "6.11"]
[White "Frank, Anton"]
[Black "Harish, Neeraj"]
[Result "0-1"]
[ECO "E73"]
[WhiteElo "1997"]
[BlackElo "2076"]
[Annotator "NA RC"]
[PlyCount "146"]
[EventDate "2023.10.27"]
[EventType "swiss"]
[EventCountry "SWE"]
[SourceTitle "playchess.com"]
[Source "ChessBase"]
[SourceQuality "1"]
[TimeControl "5400+30"]

1. d4 Nf6 2. c4 g6 3. h4 Bg7 4. Nc3 c5 5. d5 d6 6. e4 O-O 7. Be2 e6 8. h5 exd5 9. exd5 Nbd7 10. h6 Bh8 11. Bg5 Re8 12. Kf1 Qb6 13. b3 Ne4 14. Nxe4 Rxe4 15. Rc1 Ne5 16. Rh4 f5 17. Qc2 Rxh4 18. Bxh4 Bd7 19. Re1 Re8 20. Bd1 Qc7 21. Nh3 Qc8 22. Qd2 Nf7 23. Be7 Be5 24. Bh4 f4 25. Ng5 Nxh6 26. Ne4 Nf5 27. Bg5 Rf8 28. Bxf4 b5 29. Bxe5 dxe5 30. Qg5 Kg7 31. Ng3 bxc4 32. bxc4 Rf7 33. Rxe5 Qb8 34. Nxf5+ Bxf5 35. Qe3 Qb1 36. Ke1 Bc2 37. Qe2 Bxd1 38. Qxd1 Qb4+ 39. Qd2 Qxc4 40. d6 Rb7 41. Re7+ Rxe7+ 42. dxe7 Qe4+ 43. Kf1 Qxe7 44. Qc3+ Kg8 45. Qc4+ Kf8 46. Qc3 Ke8 47. Qc4 Qd6 48. Qg8+ Kd7 49. Qxh7+ Kc6 50. g3 Kb6 51. Qf7 Qd3+ 52. Kg1 c4 53. Qe6+ Ka5 54. Qc6 Kb4 55. Qb7+ Ka3 56. Qxa7+ Kb2 57. a4 c3 58. Qb6+ Ka1 59. Qf6 Qb1+ 60. Kh2 Qb2 61. Qxg6 c2 62. Qf5 c1=Q 63. g4 Qcc2 64. Qxc2 Qxc2 65. Kg3 Qxa4 66. f4 Qd7 67. Kh4 Qh7+ 68. Kg5 Qg7+ 69. Kf5 Kb2 70. g5 Kc3 71. g6 Kd4 72. Kg5 Kd5 73. f5 Ke5 0-1

[Event "10th Uppsala Young Champions 2023"]
[Site "Uppsala"]
[Date "2023.10.31"]
[Round "7.1"]
[White "Gavrilescu, David"]
[Black "Falkevall, Axel"]
[Result "0-1"]
[ECO "E61"]
[WhiteElo "2534"]
[BlackElo "2280"]
[Annotator "RC"]
[PlyCount "96"]
[EventDate "2023.10.27"]
[EventType "swiss"]
[EventCountry "SWE"]
[SourceTitle "playchess.com"]
[Source "ChessBase"]
[SourceQuality "1"]
[TimeControl "5400+30"]

1. Nf3 Nf6 2. c4 g6 3. d4 Bg7 4. e3 O-O 5. h3 d6 6. Nc3 Nbd7 7. Be2 e5 8. O-O Re8 9. Qc2 Qe7 10. b4 e4 11. Nh2 h5 12. a4 Nf8 13. a5 N8h7 14. Bb2 Bf5 15. Rfd1 Ng5 16. Bf1 Bh6 17. a6 b6 18. d5 Ngh7 19. Nb5 g5 20. Qc3 Bg7 21. c5 Red8 22. cxd6 cxd6 23. Rac1 Rdc8 24. Qd2 g4 25. Rc6 Rxc6 26. dxc6 d5 27. hxg4 hxg4 28. Be2 Be6 29. Be5 Ng5 30. Qc3 Nf3+ 31. Bxf3 gxf3 32. Bd6 Qd8 33. c7 Qd7 34. Be5 Ne8 35. Bxg7 Nxg7 36. Nd4 Rc8 37. Rc1 Ne8 38. Nc6 Rxc7 39. gxf3 f6 40. Kh1 Kh8 41. b5 Qh7 42. Rg1 Qh6 43. f4 Rh7 44. Rg2 Bh3 45. Rg3 Bg4 46. Kg1 Qxh2+ 47. Kf1 Qh1+ 48. Rg1 Qxg1+ 0-1

[Event "10th Uppsala Young Champions 2023"]
[Site "Uppsala"]
[Date "2023.10.31"]
[Round "7.2"]
[White "Sorensen, Hampus"]
[Black "Domalchuk-Jonasson, Aleksandr"]
[Result "1-0"]
[ECO "E04"]
[WhiteElo "2470"]
[BlackElo "2392"]
[Annotator "RC"]
[PlyCount "115"]
[EventDate "2023.10.27"]
[EventType "swiss"]
[EventCountry "SWE"]
[SourceTitle "playchess.com"]
[Source "ChessBase"]
[SourceQuality "1"]
[TimeControl "5400+30"]

1. Nf3 d5 2. g3 c5 3. Bg2 Nc6 4. d4 Nf6 5. O-O e6 6. c4 dxc4 7. Ne5 Bd7 8. Nxc4 cxd4 9. Bf4 Be7 10. Nd6+ Bxd6 11. Bxd6 e5 12. Na3 Rc8 13. Qa4 a6 14. Rfc1 e4 15. Bc5 Be6 16. Rd1 Qd7 17. Nc2 Ne5 18. Qxd4 Qxd4 19. Bxd4 Rxc2 20. Bxe5 O-O 21. Bc3 Rxe2 22. Rac1 e3 23. fxe3 Bxa2 24. Bxb7 Rxe3 25. Bxa6 Re6 26. Bf1 Bb3 27. Re1 Rb8 28. Rxe6 Bxe6 29. Be5 Rb6 30. Ra1 Kf8 31. Ra8+ Ke7 32. Ra7+ Nd7 33. Bd4 Rb8 34. b4 Kd6 35. b5 g5 36. Ra6+ Ke7 37. Bb2 h5 38. Ba3+ Kf6 39. Bb2+ Ke7 40. Ra7 Kd6 41. Bc1 f6 42. Ba3+ Kd5 43. Rc7 Ke5 44. Rc6 Rb6 45. Bb2+ Ke4 46. Rxb6 Nxb6 47. Bxf6 Kf5 48. Bd4 Nc4 49. Bd3+ Kg4 50. Be2+ Kh3 51. Bf1+ Kg4 52. b6 Nd6 53. Be2+ Kh3 54. Bxh5 Bd5 55. Be2 Bg2 56. Be3 Nf7 57. Bf1 Bxf1 58. b7 1-0

[Event "10th Uppsala Young Champions 2023"]
[Site "Uppsala"]
[Date "2023.10.31"]
[Round "7.3"]
[White "Briem, Stephan"]
[Black "Stefansson, Vignir Vatnar"]
[Result "1-0"]
[ECO "B00"]
[WhiteElo "2144"]
[BlackElo "2484"]
[Annotator "RC"]
[PlyCount "109"]
[EventDate "2023.10.27"]
[EventType "swiss"]
[EventCountry "SWE"]
[SourceTitle "playchess.com"]
[Source "ChessBase"]
[SourceQuality "1"]
[TimeControl "5400+30"]

1. d4 a6 2. e4 c6 3. c4 d5 4. cxd5 cxd5 5. exd5 Nf6 6. Nc3 g6 7. Qb3 Bg7 8. g3 O-O 9. Bg2 Nbd7 10. Nge2 Ne8 11. O-O Nd6 12. Bf4 Nf6 13. Be5 Bf5 14. Rfd1 Qa5 15. Na4 Rac8 16. Nc5 b5 17. a4 Nc4 18. axb5 Qxb5 19. Qxb5 axb5 20. b4 Rfd8 21. Ra7 Kf8 22. Nc3 Nxe5 23. dxe5 Nd7 24. f4 Nxc5 25. bxc5 Rxc5 26. Ne4 Rc4 27. d6 Kg8 28. Ng5 Rc5 29. Rxe7 f6 30. exf6 Bxf6 31. Bd5+ Rxd5 32. Rxd5 b4 33. Nxh7 Bg7 34. Ng5 b3 35. Rb5 Bd4+ 36. Kg2 b2 37. Reb7 b1=Q 38. Rxb1 Bxb1 39. Rxb1 Rxd6 40. Rd1 Bc5 41. Rxd6 Bxd6 42. Kf3 Kg7 43. Kg4 Bb8 44. Ne4 Kh6 45. f5 gxf5+ 46. Kxf5 Kh5 47. g4+ Kh6 48. g5+ Kg7 49. h4 Ba7 50. h5 Be3 51. Nf6 Bc1 52. h6+ Kh8 53. Ng4 Kg8 54. Kg6 Kh8 55. h7 1-0

[Event "10th Uppsala Young Champions 2023"]
[Site "Uppsala"]
[Date "2023.10.31"]
[Round "7.4"]
[White "Omarsson, Adam"]
[Black "Oksendal, Martin"]
[Result "1-0"]
[ECO "E56"]
[WhiteElo "1946"]
[BlackElo "2123"]
[Annotator "NA RC"]
[PlyCount "45"]
[EventDate "2023.10.27"]
[EventType "swiss"]
[EventCountry "SWE"]
[SourceTitle "playchess.com"]
[Source "ChessBase"]
[SourceQuality "1"]
[TimeControl "5400+30"]

1. d4 Nf6 2. c4 e6 3. Nc3 Bb4 4. e3 O-O 5. Bd3 d5 6. Nf3 dxc4 7. Bxc4 c5 8. O-O Nc6 9. a3 Ba5 10. Qd3 Qe7 11. Ne4 Nxe4 12. Qxe4 Bc7 13. dxc5 Qxc5 14. b4 Qe7 15. Bb2 Bd7 16. Rfd1 a6 17. Rxd7 Qxd7 18. Ng5 g6 19. Nxh7 Bd8 20. Nf6+ Bxf6 21. Bxf6 Ne7 22. Qh4 Nf5 23. Qh8# 1-0

[Event "10th Uppsala Young Champions 2023"]
[Site "Uppsala"]
[Date "2023.10.31"]
[Round "7.5"]
[White "Ljung, Harald"]
[Black "Morell, Ludvig"]
[Result "1/2-1/2"]
[ECO "D02"]
[WhiteElo "2159"]
[BlackElo "2017"]
[Annotator "RC"]
[PlyCount "177"]
[EventDate "2023.10.27"]
[EventType "swiss"]
[EventCountry "SWE"]
[SourceTitle "playchess.com"]
[Source "ChessBase"]
[SourceQuality "1"]
[TimeControl "5400+30"]

1. d4 Nf6 2. Nf3 e6 3. g3 c5 4. c3 d5 5. Bg2 Nc6 6. O-O Bd6 7. Nbd2 O-O 8. dxc5 Bxc5 9. Nb3 Bd6 10. a4 Ne5 11. Nxe5 Bxe5 12. Be3 Qc7 13. Qd3 Bd7 14. Rfd1 b5 15. axb5 Rfb8 16. Ra5 a6 17. Rda1 Bxb5 18. Qc2 Bxe2 19. Qxe2 Rxb3 20. Rxa6 Rab8 21. Ra8 Bd6 22. Rxb8+ Qxb8 23. Bc1 Bc5 24. Bf3 Nd7 25. Qa6 Ne5 26. Be2 d4 27. Ra5 Rb6 28. Qa8 Nd7 29. Bf4 Qf8 30. b4 Bd6 31. Bxd6 Rxd6 32. c4 d3 33. Bd1 Ne5 34. Qxf8+ Kxf8 35. Rxe5 Rd4 36. Re3 Rxc4 37. Rxd3 Rxb4 38. Kg2 Rb7 39. Ra3 g6 40. Bf3 Rc7 41. h4 h5 42. Be4 Ke7 43. Rb3 Kf6 44. Kf3 Ra7 45. Kf4 Rc7 46. f3 Rc1 47. Rb1 Rc3 48. Rb5 Rc1 49. g4 hxg4 50. fxg4 Rf1+ 51. Bf3 Rf2 52. Kg3 Rf1 53. Rb7 Rc1 54. Rb8 Rc5 55. Rg8 Ra5 56. Kf4 Ra4+ 57. Be4 Ra3 58. g5+ Ke7 59. Ra8 Rh3 60. Kg4 Re3 61. Bf3 Rb3 62. Ra7+ Kf8 63. Be4 Rb4 64. Kf4 Rb5 65. Ra8+ Kg7 66. Ra7 Kf8 67. Ra1 Kg7 68. Rh1 Rb4 69. h5 gxh5 70. Rxh5 f5 71. gxf6+ Kxf6 72. Rh6+ Ke7 73. Rh5 Kf6 74. Ke3 Rb3+ 75. Bd3 Rb4 76. Rc5 Rb6 77. Bc4 Rd6 78. Ke4 Rd1 79. Rc6 Re1+ 80. Kd4 Kf5 81. Rc8 Kf6 82. Kc5 Ke7 83. Rh8 Re5+ 84. Kd4 Re1 85. Bd3 Kd6 86. Ra8 Rh1 87. Ra6+ Ke7 88. Ra2 Kd6 89. Ke4 1/2-1/2

[Event "10th Uppsala Young Champions 2023"]
[Site "Uppsala"]
[Date "2023.10.31"]
[Round "7.6"]
[White "Grahn, Vidar"]
[Black "Mai, Alexander Oliver"]
[Result "1/2-1/2"]
[ECO "A62"]
[WhiteElo "2133"]
[BlackElo "2118"]
[Annotator "RC"]
[PlyCount "137"]
[EventDate "2023.10.27"]
[EventType "swiss"]
[EventCountry "SWE"]
[SourceTitle "playchess.com"]
[Source "ChessBase"]
[SourceQuality "1"]
[TimeControl "5400+30"]

1. d4 Nf6 2. c4 e6 3. g3 c5 4. d5 exd5 5. cxd5 d6 6. Nc3 g6 7. Bg2 Bg7 8. Nf3 O-O 9. O-O Re8 10. Bf4 h6 11. Qc1 g5 12. Be3 Nbd7 13. h4 Ng4 14. Bd2 f6 15. a4 b6 16. Re1 a6 17. Qc2 Nf8 18. e4 Ra7 19. h5 Qe7 20. Nh2 Nxh2 21. Kxh2 Qf7 22. Qd1 g4 23. Rh1 Qxh5+ 24. Kg1 Qg6 25. Ne2 Nh7 26. Nf4 Qf7 27. Qb3 Ng5 28. Nh5 Rb7 29. Bxg5 fxg5 30. Nxg7 Qxg7 31. Bf1 Rxe4 32. Bxa6 Rb4 33. Qc3 Rxb2 34. Qxg7+ Kxg7 35. Bxb7 Bxb7 36. Rd1 c4 37. Rh2 c3 38. f4 Bxd5 39. Rxb2 cxb2 40. Rb1 gxf4 41. gxf4 Bb3 42. Rxb2 Bxa4 43. Rxb6 Kf6 44. Rxd6+ Kf5 45. Kf2 Be8 46. Kg3 h5 47. Rd1 Bg6 48. Rd5+ Ke6 49. Ra5 Kf6 50. Kh4 Bf7 51. Rc5 Bg6 52. Kg3 Bf5 53. Rc6+ Be6 54. Ra6 Ke7 55. Kh4 Kf6 56. Ra5 Bf7 57. Rg5 Bg6 58. Ra5 Be8 59. Kg3 Bf7 60. Rb5 Be8 61. Rg5 Bf7 62. Kf2 Be8 63. Ke3 Bf7 64. Ke4 Bg6+ 65. Ke3 Bf7 66. Ra5 Bg6 67. Ra6+ Kf5 68. Ra5+ Kf6 69. Rg5 1/2-1/2

[Event "10th Uppsala Young Champions 2023"]
[Site "Uppsala"]
[Date "2023.10.31"]
[Round "7.7"]
[White "Harish, Neeraj"]
[Black "Steiners, Emils"]
[Result "1-0"]
[ECO "C17"]
[WhiteElo "2076"]
[BlackElo "1914"]
[Annotator "NA RC"]
[PlyCount "67"]
[EventDate "2023.10.27"]
[EventType "swiss"]
[EventCountry "SWE"]
[SourceTitle "playchess.com"]
[Source "ChessBase"]
[SourceQuality "1"]
[TimeControl "5400+30"]

1. e4 e6 2. d4 d5 3. Nc3 Bb4 4. e5 c5 5. Bd2 Ne7 6. a3 cxd4 7. axb4 dxc3 8. Bxc3 O-O 9. Nf3 f6 10. Bd3 Nd7 11. O-O Nxe5 12. Nxe5 fxe5 13. Bxe5 Nf5 14. Qg4 Qe7 15. b5 Bd7 16. Qh3 Qc5 17. g4 Nh6 18. Qh5 Qb4 19. f4 Bxb5 20. Bxg7 Kxg7 21. Qg5+ Kh8 22. Bxb5 Nxg4 23. Bd3 Rg8 24. Qh4 Qd4+ 25. Kh1 Rg7 26. Bxh7 Rxh7 27. Qxg4 Rg8 28. Qe2 Qxb2 29. Rxa7 Qg7 30. Rb1 Rb8 31. Qxe6 d4 32. Rbxb7 Rxh2+ 33. Kxh2 Rxb7 34. Qc8+ 1-0

[Event "10th Uppsala Young Champions 2023"]
[Site "Uppsala"]
[Date "2023.10.31"]
[Round "7.8"]
[White "Seiger, Vidar"]
[Black "Nilsson, Oliver"]
[Result "1-0"]
[ECO "A05"]
[WhiteElo "1908"]
[BlackElo "1933"]
[Annotator "RC"]
[PlyCount "127"]
[EventDate "2023.10.27"]
[EventType "swiss"]
[EventCountry "SWE"]
[SourceTitle "playchess.com"]
[Source "ChessBase"]
[SourceQuality "1"]
[TimeControl "5400+30"]

1. Nf3 Nf6 2. g3 g6 3. b4 Bg7 4. Bb2 O-O 5. Bg2 d5 6. O-O Qd6 7. a3 a5 8. c3 Nbd7 9. d3 e5 10. Qc2 Re8 11. e4 dxe4 12. dxe4 Qc6 13. Nbd2 Nb6 14. c4 Ng4 15. h3 Nh6 16. b5 Qc5 17. a4 Nd7 18. Ba3 Qa7 19. c5 c6 20. b6 Qb8 21. Rad1 Bf8 22. Qc3 f6 23. Rfe1 Be7 24. Qe3 Nf7 25. Kh2 Nd8 26. Nc4 Ne6 27. Nd6 Rd8 28. Nxc8 Qxc8 29. Rc1 Nb8 30. h4 Na6 31. Bh3 Nb4 32. Red1 Rxd1 33. Rxd1 Kg7 34. Qd2 Kf7 35. Bxb4 axb4 36. Qxb4 Bf8 37. Nd2 Qd7 38. Bg4 Qd4 39. Qc4 f5 40. exf5 gxf5 41. Bxf5 Qxc4 42. Nxc4 Nxc5 43. a5 h6 44. Bc2 Ke6 45. f3 Be7 46. Kh3 Na6 47. Re1 Bf6 48. f4 Kd5 49. Nxe5 Nc5 50. Rd1+ Ke6 51. Nc4 Bc3 52. f5+ Ke7 53. g4 Bxa5 54. Ra1 Rd8 55. Rxa5 Rd5 56. g5 hxg5 57. hxg5 Nd7 58. Rxd5 cxd5 59. Na5 Nxb6 60. Nxb7 Nc4 61. Nc5 d4 62. f6+ Ke8 63. Bg6+ Kd8 64. Ne6+ 1-0

[Event "10th Uppsala Young Champions 2023"]
[Site "Uppsala"]
[Date "2023.10.31"]
[Round "7.9"]
[White "Valcu, Lavinia"]
[Black "Morell, Oscar"]
[Result "0-1"]
[ECO "E05"]
[WhiteElo "1990"]
[BlackElo "1942"]
[Annotator "RC"]
[PlyCount "120"]
[EventDate "2023.10.27"]
[EventType "swiss"]
[EventCountry "SWE"]
[SourceTitle "playchess.com"]
[Source "ChessBase"]
[SourceQuality "1"]
[TimeControl "5400+30"]

1. d4 d5 2. c4 e6 3. Nf3 Nf6 4. g3 dxc4 5. Bg2 Be7 6. O-O O-O 7. Qc2 a6 8. a4 Bd7 9. Rd1 Bc6 10. Nc3 Qe8 11. e4 b5 12. d5 Bb7 13. dxe6 fxe6 14. Bh3 b4 15. Bxe6+ Kh8 16. Ng5 h6 17. e5 hxg5 18. exf6 Bxf6 19. Qf5 Qh5 20. g4 Qh3 21. Ne4 Be7 22. Qg6 Bd6 23. Rxd6 cxd6 24. Be3 Nd7 25. Bxd7 Rf6 26. Qh5+ Qxh5 27. gxh5 Bxe4 28. Bxg5 Rf7 29. Be6 Rc7 30. Re1 d5 31. Bf4 Rc6 32. Bd7 Rf6 33. Bg5 Rf3 34. Be3 Rd8 35. Bg4 Rf7 36. Rd1 Bf3 37. Bxf3 Rxf3 38. Kg2 Rf5 39. Bc5 b3 40. Kg3 Rxh5 41. f4 Rf5 42. Kg4 Rf7 43. f5 Rfd7 44. Bd4 Kg8 45. Kh5 Kf7 46. h4 Rh8+ 47. Kg5 Re8 48. f6 g6 49. h5 gxh5 50. Kxh5 Rg8 51. Re1 Rg3 52. Kh4 Rd3 53. Bc3 Rxc3 54. bxc3 d4 55. cxd4 c3 56. Kg5 b2 57. Rh1 Rd5+ 58. Kf4 c2 59. Ke4 b1=Q 60. Rh7+ Kxf6 0-1

[Event "10th Uppsala Young Champions 2023"]
[Site "Uppsala"]
[Date "2023.10.31"]
[Round "7.10"]
[White "Tripathi, Pratyush"]
[Black "Ostensson, Julia"]
[Result "1/2-1/2"]
[ECO "E97"]
[WhiteElo "1801"]
[BlackElo "1878"]
[Annotator "NA RC"]
[PlyCount "121"]
[EventDate "2023.10.27"]
[EventType "swiss"]
[EventCountry "SWE"]
[SourceTitle "playchess.com"]
[Source "ChessBase"]
[SourceQuality "1"]
[TimeControl "5400+30"]

1. d4 Nf6 2. c4 g6 3. Nc3 Bg7 4. e4 d6 5. Be2 O-O 6. Be3 e5 7. Nf3 Ng4 8. Bg5 f6 9. Bc1 Nc6 10. O-O f5 11. dxe5 Ngxe5 12. Nxe5 Bxe5 13. exf5 Bxf5 14. Be3 Be6 15. Qd2 Qd7 16. Nd5 Rf7 17. Rad1 Ne7 18. Nxe7+ Qxe7 19. Bd4 Qf6 20. b3 Bd7 21. Bf3 Bc6 22. Bxc6 bxc6 23. Bxe5 Qxe5 24. Rfe1 Qc5 25. Qe3 Qxe3 26. Rxe3 c5 27. f3 Kf8 28. Rde1 a5 29. a4 Rb8 30. Kf2 Rd7 31. R1e2 Kf7 32. Ke1 c6 33. Kd2 Rbb7 34. Rd3 Kf6 35. Re8 d5 36. cxd5 Rxd5 37. Rc8 Rxd3+ 38. Kxd3 Rxb3+ 39. Kc2 Rb4 40. Rxc6+ Kg7 41. Rxc5 Rxa4 42. Kb3 Ra1 43. Kb2 Rg1 44. g3 Rg2+ 45. Rc2 Rxc2+ 46. Kxc2 Kf6 47. Kb3 Ke5 48. Ka4 Kd4 49. Kxa5 g5 50. Kb4 Ke3 51. f4 gxf4 52. gxf4 Kxf4 53. Kc3 h5 54. Kd2 Kg4 55. Ke2 Kh3 56. Kf1 Kxh2 57. Kf2 h4 58. Kf1 Kh1 59. Kf2 h3 60. Kf1 Kh2 61. Kf2 1/2-1/2

[Event "10th Uppsala Young Champions 2023"]
[Site "Uppsala"]
[Date "2023.10.31"]
[Round "7.11"]
[White "Muntean, Victor"]
[Black "Frank, Anton"]
[Result "1-0"]
[ECO "C54"]
[WhiteElo "2092"]
[BlackElo "1997"]
[Annotator "RC"]
[PlyCount "137"]
[EventDate "2023.10.27"]
[EventType "swiss"]
[EventCountry "SWE"]
[SourceTitle "playchess.com"]
[Source "ChessBase"]
[SourceQuality "1"]
[TimeControl "5400+30"]

1. e4 e5 2. Nf3 Nc6 3. Bc4 Bc5 4. c3 Nf6 5. d4 exd4 6. cxd4 Bb4+ 7. Kf1 Nxe4 8. d5 Ne7 9. Qd4 Nf6 10. a3 Ba5 11. Bg5 c5 12. Qxc5 d6 13. Qd4 Bb6 14. Qd3 Ng4 15. Bh4 f6 16. h3 Ne5 17. Nxe5 fxe5 18. Qf3 Qd7 19. Nc3 Qf5 20. Bb5+ Bd7 21. Bxd7+ Qxd7 22. Ne4 Ng6 23. Bg5 Rf8 24. Qg4 Nf4 25. Rd1 h6 26. Bxf4 Rxf4 27. Qg6+ Kf8 28. Kg1 Rd8 29. Kh2 Qf5 30. Qxf5+ Rxf5 31. Rd2 Ke7 32. Rc1 Kd7 33. Rdc2 Rdf8 34. f3 h5 35. b4 g5 36. a4 g4 37. a5 Bd8 38. a6 bxa6 39. Rc6 gxf3 40. Rxd6+ Ke7 41. Re6+ Kf7 42. Nd6+ Kg7 43. Nxf5+ Rxf5 44. gxf3 Rxf3 45. Rxe5 h4 46. d6 Rd3 47. Re6 Kf7 48. Rce1 Rd4 49. R1e4 Rxb4 50. Rxb4 Kxe6 51. Ra4 Kxd6 52. Rxa6+ Bb6 53. Ra4 a5 54. Rxh4 Kd5 55. Kg2 Bd4 56. Kf3 a4 57. Ke2 Kc4 58. Rh6 a3 59. Ra6 Kb3 60. Kd3 Bf2 61. Ra8 Kb2 62. Rb8+ Kc1 63. Rc8+ Kb1 64. Rf8 Bg3 65. Kc3 Be5+ 66. Kb3 Bb2 67. Rf1+ Bc1 68. Rxc1+ Kxc1 69. Kxa3 1-0

[Event "10th Uppsala Young Champions 2023"]
[Site "Uppsala"]
[Date "2023.11.01"]
[Round "8.1"]
[White "Falkevall, Axel"]
[Black "Sorensen, Hampus"]
[Result "1/2-1/2"]
[ECO "E01"]
[WhiteElo "2280"]
[BlackElo "2470"]
[Annotator "ChessBase"]
[PlyCount "151"]
[EventDate "2023.10.27"]
[EventType "swiss"]
[EventCountry "SWE"]
[SourceTitle "playchess.com"]
[Source "ChessBase"]
[SourceQuality "1"]
[TimeControl "5400+30"]

1. d4 Nf6 2. c4 e6 3. g3 d5 4. Bg2 Bb4+ 5. Nd2 O-O 6. Ngf3 b6 7. O-O a5 8. cxd5 exd5 9. a3 Be7 10. Nb1 Bb7 11. Nc3 Nbd7 12. Bf4 c5 13. Rc1 Rc8 14. dxc5 bxc5 15. Ne5 Nb6 16. Na4 Nxa4 17. Qxa4 Qb6 18. Rfd1 Rfd8 19. Qc2 Ba6 20. Bf3 Qe6 21. g4 Bd6 22. Qf5 Qxf5 23. gxf5 Re8 24. Nd3 Bxf4 25. Nxf4 d4 26. b3 Re5 27. Nd3 Rxf5 28. b4 cxb4 29. axb4 g5 30. Rxc8+ Bxc8 31. bxa5 Rxa5 32. Nb4 g4 33. Bc6 Ba6 34. Nxa6 Rxa6 35. Bb5 Rd6 36. Ra1 Rd5 37. Bd3 h5 38. Kg2 Kg7 39. Ra7 Rd7 40. Ra5 Kh6 41. f3 gxf3+ 42. Kxf3 Re7 43. Ra4 Ng4 44. h3 Ne5+ 45. Kg2 Nxd3 46. exd3 Re2+ 47. Kg1 Re3 48. Rxd4 Rxh3 49. Kg2 Re3 50. Rd5 Kg6 51. d4 Rd3 52. Rd8 Kg5 53. d5 Kg4 54. Rg8+ Kf4 55. Rf8 f5 56. Rh8 Rd2+ 57. Kh3 Rxd5 58. Rxh5 Kf3 59. Rg5 Ra5 60. Rg3+ Kf4 61. Rb3 Ra2 62. Rb4+ Kg5 63. Kg3 Re2 64. Kf3 Rh2 65. Ra4 Rh3+ 66. Kf2 Rd3 67. Rb4 Ra3 68. Rc4 Ra2+ 69. Kf1 f4 70. Rc3 Kg4 71. Rb3 Ra1+ 72. Kf2 Ra4 73. Kg2 f3+ 74. Rxf3 Ra2+ 75. Rf2 Rxf2+ 76. Kxf2 1/2-1/2

[Event "10th Uppsala Young Champions 2023"]
[Site "Uppsala"]
[Date "2023.11.01"]
[Round "8.3"]
[White "Domalchuk-Jonasson, Aleksandr"]
[Black "Briem, Stephan"]
[Result "1-0"]
[ECO "E01"]
[WhiteElo "2392"]
[BlackElo "2144"]
[Annotator "RC"]
[PlyCount "79"]
[EventDate "2023.10.27"]
[EventType "swiss"]
[EventCountry "SWE"]
[SourceTitle "playchess.com"]
[Source "ChessBase"]
[SourceQuality "1"]
[TimeControl "5400+30"]

1. c4 e6 2. Nf3 d5 3. d4 c6 4. Nbd2 f5 5. g3 Nf6 6. Bg2 Nbd7 7. b3 Bd6 8. Bb2 Ne4 9. O-O O-O 10. Qc1 Qe7 11. a4 a5 12. Ne1 b6 13. Nd3 Bb7 14. e3 c5 15. f3 Nxd2 16. Qxd2 Rac8 17. f4 cxd4 18. exd4 Nf6 19. Ne5 dxc4 20. bxc4 Bxg2 21. Qxg2 Ne4 22. Rfc1 Rfd8 23. Qc2 Qb7 24. Rab1 Bxe5 25. fxe5 Ng5 26. Qg2 Qxg2+ 27. Kxg2 Rc6 28. d5 exd5 29. cxd5 Rxc1 30. Bxc1 Ne4 31. d6 Kf7 32. Rxb6 Ke6 33. Bb2 Rc8 34. Rb7 g5 35. Re7+ Kd5 36. d7 Rd8 37. e6 Nc5 38. Bf6 Nxe6 39. Rxe6 Rxd7 40. Re5+ 1-0

[Event "10th Uppsala Young Champions 2023"]
[Site "Uppsala"]
[Date "2023.11.01"]
[Round "8.4"]
[White "Stefansson, Vignir Vatnar"]
[Black "Omarsson, Adam"]
[Result "1-0"]
[ECO "B22"]
[WhiteElo "2484"]
[BlackElo "1946"]
[Annotator "RC"]
[PlyCount "53"]
[EventDate "2023.10.27"]
[EventType "swiss"]
[EventCountry "SWE"]
[SourceTitle "playchess.com"]
[Source "ChessBase"]
[SourceQuality "1"]
[TimeControl "5400+30"]

1. e4 c5 2. c3 d6 3. d4 cxd4 4. cxd4 Nf6 5. Nc3 e6 6. Nf3 Be7 7. Bd3 O-O 8. h4 a6 9. e5 dxe5 10. dxe5 Ng4 11. Bxh7+ Kh8 12. Bd3 Nc6 13. Qe2 Bc5 14. Ne4 Bb4+ 15. Kf1 Kg8 16. Bf4 Qa5 17. Rh3 f5 18. exf6 gxf6 19. Rg3 f5 20. Bh6 Rf7 21. Nfg5 Nd4 22. Qd1 Qe5 23. Nxf7 Kxf7 24. Rxg4 fxg4 25. Qxg4 Be7 26. Re1 Qh2 27. Qh5+ 1-0

[Event "10th Uppsala Young Champions 2023"]
[Site "Uppsala"]
[Date "2023.11.01"]
[Round "8.5"]
[White "Seiger, Vidar"]
[Black "Ljung, Harald"]
[Result "1-0"]
[ECO "D78"]
[WhiteElo "1908"]
[BlackElo "2159"]
[Annotator "RC"]
[PlyCount "83"]
[EventDate "2023.10.27"]
[EventType "swiss"]
[EventCountry "SWE"]
[SourceTitle "playchess.com"]
[Source "ChessBase"]
[SourceQuality "1"]
[TimeControl "5400+30"]

1. Nf3 Nf6 2. g3 g6 3. b3 Bg7 4. Bb2 O-O 5. Bg2 d5 6. c4 c6 7. O-O Nbd7 8. cxd5 cxd5 9. d4 Ne4 10. Nfd2 Ndf6 11. f3 Nxd2 12. Qxd2 h5 13. Nc3 Kh7 14. e4 dxe4 15. fxe4 Ng4 16. Nd1 Qb6 17. h3 Nh6 18. Ne3 Be6 19. Rad1 Rad8 20. Ba1 Be5 21. d5 Bxg3 22. Bd4 Qd6 23. Nc4 Qc7 24. dxe6 b5 25. Ne3 fxe6 26. Qc3 Qb8 27. Qc5 Bd6 28. Qxa7 Qc8 29. e5 Rxf1+ 30. Rxf1 Bb4 31. a4 bxa4 32. bxa4 Nf5 33. Nxf5 gxf5 34. Bf2 Rg8 35. Kh1 Qe8 36. Rg1 Qc8 37. Qd4 Bc3 38. Qh4 Qe8 39. Qc4 Bxe5 40. Qxe6 Bf6 41. Qxf5+ Kh8 42. a5 1-0

[Event "10th Uppsala Young Champions 2023"]
[Site "Uppsala"]
[Date "2023.11.01"]
[Round "8.6"]
[White "Mai, Alexander Oliver"]
[Black "Harish, Neeraj"]
[Result "1-0"]
[ECO "D77"]
[WhiteElo "2118"]
[BlackElo "2076"]
[Annotator "RC"]
[PlyCount "71"]
[EventDate "2023.10.27"]
[EventType "swiss"]
[EventCountry "SWE"]
[SourceTitle "playchess.com"]
[Source "ChessBase"]
[SourceQuality "1"]
[TimeControl "5400+30"]

1. Nf3 Nf6 2. g3 g6 3. Bg2 Bg7 4. O-O O-O 5. d4 d5 6. c4 dxc4 7. Ne5 c5 8. dxc5 Qc7 9. Nxc4 Qxc5 10. Nba3 Nc6 11. Be3 Qh5 12. h4 Bg4 13. f3 Be6 14. Qe1 Rad8 15. Bg5 h6 16. g4 Nxg4 17. fxg4 Qxg4 18. Rf4 Qh5 19. Bf3 hxg5 20. Bxh5 gxf4 21. Bf3 Bd4+ 22. Kg2 Kg7 23. Rd1 Rh8 24. Bxc6 bxc6 25. Rxd4 Rxd4 26. Qc3 c5 27. Nc2 Rxh4 28. Nxd4 cxd4 29. Qxd4+ Kh7 30. Kf2 g5 31. Ne5 Rh3 32. Nf3 Kg6 33. Qe5 Rh5 34. Nd4 g4 35. Qxf4 Bxa2 36. Qxg4+ 1-0

[Event "10th Uppsala Young Champions 2023"]
[Site "Uppsala"]
[Date "2023.11.01"]
[Round "8.7"]
[White "Grahn, Vidar"]
[Black "Tripathi, Pratyush"]
[Result "1-0"]
[ECO "D12"]
[WhiteElo "2133"]
[BlackElo "1801"]
[Annotator "RC"]
[PlyCount "59"]
[EventDate "2023.10.27"]
[EventType "swiss"]
[EventCountry "SWE"]
[SourceTitle "playchess.com"]
[Source "ChessBase"]
[SourceQuality "1"]
[TimeControl "5400+30"]

1. d4 d5 2. c4 c6 3. Nf3 Nf6 4. e3 Bf5 5. Nc3 e6 6. Nh4 Bg4 7. Qb3 Qb6 8. h3 Bh5 9. g4 Bg6 10. Nxg6 hxg6 11. Bg2 Be7 12. g5 Nfd7 13. f4 Na6 14. Bd2 Nb4 15. Na4 dxc4 16. Nxb6 cxb3 17. Nxa8 Nc2+ 18. Ke2 Nxa1 19. Rxa1 O-O 20. Nc7 Rc8 21. axb3 Rxc7 22. Rxa7 Bd6 23. b4 Nb6 24. b5 cxb5 25. Rxb7 Nd5 26. Rxb5 Rc2 27. Bxd5 exd5 28. Kd3 Rc8 29. Rxd5 Bf8 30. b4 1-0